 Dungeon Crawl Stone Soup version 0.19.0-9-gfd783f2 (console) character file.

82 OvidiusNaso the Shooter (level 4, -3/35 HPs)
             Began as a Centaur Arcane Marksman on Nov 7, 2016.
             Slain by Asilar's ghost (7 damage)
             ... on level 3 of the Dungeon.
             The game lasted 00:23:59 (1793 turns).

OvidiusNaso the Shooter (Centaur Arcane Marksman)   Turns: 1793, Time: 00:24:00

Health: -3/35      AC:  4    Str: 13    XL:     4   Next: 21%
Magic:  5/5        EV: 10    Int: 12    God:
Gold:   114        SH:  0    Dex: 10    Spells: 2 memorised, 1 level left

rFire  . . .     SeeInvis .     d - +0 club
rCold  . . .     Gourm    .     e - +0 robe
rNeg   . . .     Faith    .     (no shield)
rPois  .         Spirit   .     (no helmet)
rElec  .         Reflect  .     (no cloak)
rCorr  +         Harm     .     (no gloves)
MR     .....                    (no barding)
Stlth  +.........               (no amulet)
                                (no ring)
                                m - ring of resist corrosion

@: very quick
A: hooves 3, deformed body, speed 2, tough skin 3
a: no special abilities


You were on level 3 of the Dungeon.
You were not hungry.

You visited 1 branch of the dungeon, and saw 3 of its levels.

You collected 114 gold pieces.

Inventory:

Hand Weapons
 a - a +0 shortbow
 d - a +0 club (weapon)
 q - a +0 whip
Missiles
 s - an arrow
Armour
 e - a +0 robe (worn)
Jewellery
 m - a ring of resist corrosion (left hand)
Scrolls
 b - a scroll of remove curse {unknown}
 g - a scroll of enchant armour {unknown}
 i - 4 scrolls of identify
 j - a scroll of fear {unknown}
 o - a scroll of magic mapping {unknown}
Potions
 k - a potion of magic {unknown}
 n - a potion of cure mutation {unknown}
 p - a potion of berserk rage {unknown}
Books
 c - a book of Debilitation

   Spells                             Type                      Level
   a - Corona                         Hexes                        1
   b - Slow                           Hexes                        2
   c - Gell's Gravitas                Hexes/Translocation          3
   d - Inner Flame                    Hexes/Fire                   3
   e - Cause Fear                     Hexes                        4
   f - Leda's Liquefaction            Hexes/Earth                  4
 l - a book of Maledictions

   Spells                             Type                      Level
   a - Corona                         Hexes                        1
   b - Ensorcelled Hibernation        Hexes/Ice                    2
   c - Confuse                        Hexes                        3
   d - Tukima's Dance                 Hexes                        3
   e - Dazzling Spray                 Conjuration/Hexes            3
Comestibles
 f - 2 bread rations
 h - 2 meat rations
 r - a royal jelly


   Skills:
 - Level 1.0 Fighting
 * Level 4.9 Bows
 - Level 1.4 Dodging
 - Level 1.0 Spellcasting
 + Level 3.5 Hexes


You had one spell level left.
You knew the following spells:

 Your Spells              Type           Power        Failure   Level  Hunger
a - Corona                Hex            #......      10%         1    ##.....
b - Inner Flame           Hex/Fire       #.......     43%         3    ####...


Dungeon Overview and Level Annotations

Branches:
Dungeon (3/15)

Altars:
Elyvilon
Yredelemnul

Annotations:
D:3 Asilar's ghost, amateur MiBe


Innate Abilities, Weirdness & Mutations

You have hooves in place of feet.
Armour fits poorly on your strangely shaped body.
You cover ground very quickly.
You have extremely tough skin. (AC +3)


Message History

Asilar's ghost moves out of view.
The kobold hits you but does no damage.
You hit the kobold. Your kick misses the kobold.
The kobold is heavily wounded.
The kobold hits you but does no damage.
You barely miss the kobold.
The kobold is heavily wounded.
The kobold barely misses you. Asilar's ghost closely misses you.
The kobold hits you.
You closely miss the kobold. Your kick misses the kobold.
The kobold is heavily wounded.
Asilar's ghost hits you!
* * * LOW HITPOINT WARNING * * *
The kobold barely misses you.
You closely miss Asilar's ghost.
You kick Asilar's ghost, but do no damage.
Asilar's ghost barely misses you. The kobold hits you.
* * * LOW HITPOINT WARNING * * *
Asilar's ghost hits you!
You die...

..........###.....### .
..#...#.##..#.....#.# ...
##..........#.....#.####..###
#.......[..###.###..........
#.....###..# #.# #..........
#..........# #.# #...........
#....####..###.###...........
#..>.# #.......<............
###### #..........<.........
#.......K............
#......@W............
###########..........
#####.#.#####. #..........#
#..........# #..........#
#..........# #..........#
#..........# ############


You could see Asilar's ghost and a kobold.

Vanquished Creatures
  4 adders (D:2)
  An ooze (D:1)
  A worm (D:2)
  An orc (D:2)
  2 bats
  4 giant cockroaches
  7 goblins
  3 hobgoblins (D:1)
  4 kobolds
  7 frilled lizards
  2 gnoll zombies (D:3)
  2 rats (D:1)
38 creatures vanquished.

Notes
Turn   | Place    | Note
-------+----------+-------------------------------------------
     0 | D:1      | OvidiusNaso the Centaur Arcane Marksman began the quest for the Orb.
     0 | D:1      | Reached XP level 1. HP: 16/16 MP: 2/2
   130 | D:1      | Reached skill level 3 in Bows
   136 | D:1      | Reached XP level 2. HP: 19/23 MP: 3/3
   680 | D:2      | Reached XP level 3. HP: 18/28 MP: 4/4
   754 | D:2      | Found a white marble altar of Elyvilon.
   927 | D:2      | Reached skill level 4 in Bows
  1056 | D:2      | Learned a level 3 spell: Inner Flame
  1351 | D:2      | Reached XP level 4. HP: 18/35 MP: 3/5
  1684 | D:3      | Found a basalt altar of Yredelemnul.
  1783 | D:3      | Noticed Asilar's ghost (amateur MiBe)
  1793 | D:3      | Slain by Asilar's ghost

Skill      XL: |  1  2  3 |
---------------+----------+-----
Bows           | 3 4 |  4.9
Hexes          | 3 |  3.5
Fighting       | |  1.0
Dodging        | |  1.4
Spellcasting   | |  1.0

Action                   |  1- 3 |  4- 6 || total
-------------------------+-------+-------++-------
Melee: Club              |       |    27 ||    27
       Kick              |       |     3 ||     3
       Shortbow          |       |     2 ||     2
 Fire: Shortbow          |   138 |    14 ||   152
 Cast: Corona            |    10 |       ||    10
       Inner Flame       |     3 |     1 ||     4
  Use: Scroll            |     1 |       ||     1
  Eat: Meat ration       |       |     1 ||     1
       Chunk             |       |     1 ||     1
Armor: Robe              |    46 |     9 ||    55
Dodge: Dodged            |    76 |    21 ||    97
